 Dungeon Crawl Stone Soup version 0.28.0 (webtiles) character file.

Game seed: 7756844665228692827

1919 zepal the Thaumaturge (level 8, -7/41 HPs)
             Began as a Deep Elf Earth Elementalist on Feb 9, 2022.
             Mangled by Duvessa (17 damage)
             ... on level 6 of the Dungeon.
             The game lasted 00:14:18 (8841 turns).

zepal the Thaumaturge (Deep Elf Earth Elementalist) Turns: 8841, Time: 00:14:19

Health: -7/41      AC:  3    Str:  5    XL:     8   Next: 95%
Magic:  23/23      EV: 12    Int: 23    God:
Gold:   232        SH:  0    Dex: 15    Spells: 10/25 levels left

rFire   . . .      SeeInvis .   w - +1 whip (venom)
rCold   . . .      Faith    .   (no shield)
rNeg    . . .      Spirit   .   b - +0 robe
rPois   .          Reflect  .   (no helmet)
rElec   .          Harm     .   (no cloak)
rCorr   .          Rampage  .   l - +0 pair of gloves
Will    .....                   (no boots)
Stlth   ++........              (no amulet)
HPRegen 0.13/turn               (no ring)
MPRegen 0.18/turn               (no ring)

@: no status effects
A: no striking features
a: no special abilities


You were on level 6 of the Dungeon.
You visited 2 branches of the dungeon, and saw 7 of its levels.

You collected 232 gold pieces.

Inventory:

Hand Weapons
 w - a +1 whip of venom (weapon)
Missiles
 q - 80 stones
Armour
 b - a +0 robe (worn)
 l - a +0 pair of gloves (worn)
Jewellery
 d - a +4 ring of protection
Scrolls
 a - a scroll of torment {unknown}
 c - a scroll of holy word {unknown}
 e - a scroll of silence {unknown}
 f - a scroll of blinking {unknown}
 g - a scroll of summoning {unknown}
 h - 2 scrolls of identify {unknown}
 i - 2 scrolls of enchant armour {unknown}
 k - a scroll of vulnerability {unknown}
 n - a scroll of immolation {unknown}
 o - 2 scrolls of fear {unknown}
 r - 4 scrolls of teleportation {unknown}
 u - a scroll of amnesia {unknown}
 v - a scroll of fog {unknown}
Potions
 j - a potion of curing
 m - 2 potions of haste {unknown}
 p - 2 potions of might {unknown}
 s - 2 potions of heal wounds {unknown}
 t - a potion of attraction {unknown}
 x - a potion of magic {unknown}
 z - a potion of degeneration {unknown}


   Skills:
 - Level 2.4 Dodging
 - Level 2.4 Stealth
 + Level 9.0 Spellcasting
 + Level 6.7 Conjurations
 - Level 4.0 Summonings
 - Level 1.3 Transmutations
 + Level 5.3 Fire Magic
 - Level 5.0 Earth Magic


You had 10 spell levels left.
You knew the following spells:

 Your Spells              Type           Power      Damage    Failure   Level
a - Sandblast             Erth           66%        2d15      1%          1
b - Summon Small Mammal   Summ           100%       N/A       1%          1
c - Stone Arrow           Conj/Erth      74%        3d11      1%          3
d - Blink                 Tloc           20%        N/A       10%         2
e - Call Canine Familiar  Summ           28%        N/A       3%          3
f - Fireball              Conj/Fire      19%        3d9       14%         5

Your spell library contained the following spells:

 Spells                   Type           Power      Damage    Failure   Level
 Foxfire                  Conj/Fire      100%       2x1d9     1%          1
 Conjure Flame            Conj/Fire      38%        6-21      1%          3
 Passwall                 Tmut/Erth      20%        N/A       2%          2
 Flame Wave               Conj/Fire      38%        2d9       5%          4
 Inner Flame              Hex/Fire       22%        N/A       6%          3
 Summon Guardian Golem    Hex/Summ       19%        N/A       9%          3
 Petrify                  Tmut/Erth      24%        N/A       17%         4
 Lesser Beckoning         Tloc           10%        N/A       19%         3
 Portal Projectile        Hex/Tloc       20%        N/A       19%         3
 Leda's Liquefaction      Hex/Erth       10%        N/A       22%         4
 Lee's Rapid Deconstruct  Erth           16%        3d11*     22%         5
 Starburst                Conj/Fire      19%        6d7       63%         6
 Manifold Assault         Tloc           10%        N/A       86%         5
 Statue Form              Tmut/Erth      16%        N/A       95%         6
 Malign Gateway           Summ/Tloc      9%         N/A       100%        7
 Ignition                 Fire           17%        3d7       100%        8
 Summon Horrible Things   Summ           14%        N/A       100%        8


Dungeon Overview and Level Annotations

Branches:
Dungeon (6/15)             Temple (1/1) D:6

Altars:
Ashenzari
Cheibriados
Dithmenos
Elyvilon
Fedhas
Gozag
Hepliaklqana
Kikubaaqudgha
Makhleb
Nemelex Xobeh
Okawaru
Qazlal
Sif Muna
Uskayaw
Wu Jian
Xom
Yredelemnul
Zin

Shops:
D:1 ?

Annotations:
D:3 3 runed translucent doors, pdpol's ghost, weakling PaWz
D:6 2 transporters, Cheops's ghost, novice TrHu; Duvessa


Message History

Aim: a bullfrog zombie (84% to hit)
The stone arrow hits the bullfrog zombie!
The bullfrog zombie is heavily damaged.
The bullfrog zombie hits you.
Casting: Stone Arrow (safe; 1% risk of failure)
Confirm with . or Enter, or press ? or * to list all spells.
Aiming: Stone Arrow (safe; 1% risk of failure)
Press: ? - help, Shift-Dir - straight line, f/p - bullfrog zombie
Aim: a bullfrog zombie (heavily damaged, 84% to hit)
The stone arrow hits the bullfrog zombie!
The bullfrog zombie is severely damaged.
The bullfrog zombie closely misses you. The bullfrog zombie hits you.
Casting: Stone Arrow (safe; 1% risk of failure)
Confirm with . or Enter, or press ? or * to list all spells.
Aiming: Stone Arrow (safe; 1% risk of failure)
Press: ? - help, Shift-Dir - straight line, f/p - bullfrog zombie
Aim: a bullfrog zombie (severely damaged, 84% to hit)
The stone arrow hits the bullfrog zombie!!
You destroy the bullfrog zombie!
You start resting.
Magic restored.
You start resting.
Duvessa, Sister of Dowan comes into view.
She is wielding a +0 short sword.
Found 7 gold pieces.
You start resting.
Duvessa is nearby!
Duvessa is nearby!
Duvessa goes berserk!
Duvessa rages.
You hear a shout!
The quasit gives a chilling moan.
Duvessa hits you with a +0 short sword! Duvessa hits you with a +0 short sword!
* * * LOW HITPOINT WARNING * * *
There is a stone staircase leading up here.
It was a potion of curing.
You feel better. Duvessa barely misses you.
You feel better. Duvessa hits you with a +0 short sword!
* * * LOW HITPOINT WARNING * * *
Duvessa hits you with a +0 short sword!
You die...

###. ###5##.)# ## ...#
.... ##.# ..## ..#.
#... #.###....#
....#..##..#.........
# .©..#...#..#####.
..W#.....#.##.....#
##..=###... #.#...#
....[[..#. ##.#.e.#
..##### .###..#.@.##
###.©.####.........##
...........####.....##
...#.####### #......#
.....##### #......#
≈≈...≈...#### #......#
≈...≈≈≈..≈≈.####.....#
≈≈≈≈≈≈≈≈≈≈≈≈≈≈≈#.#####
≈≈≈≈≈≈≈≈.≈≈≈≈###.#


You could see Duvessa (berserk).

Vanquished Creatures
  Pikel (D:5)
  2 black bears
  An ice beast (D:5)
  An ogre (D:5)
  A necrophage (D:5)
  2 phantoms
  2 lemures
  3 scorpions
  Dowan (D:6)
  A howler monkey (D:5)
  2 bullfrog zombies
  A centaur zombie (D:6)
  2 hounds
  A jelly (D:6)
  2 orc priests
  2 centaur skeletons
  2 iguanas (D:4)
  An orc wizard (D:4)
  A scorpion zombie (D:3)
  A hound skeleton (D:5)
  A hound zombie (D:5)
  3 gnolls (D:5)
  3 adders
  A white imp (D:6)
  2 worms
  5 dart slugs
  11 orcs
  7 ball pythons
  8 endoplasms
  3 giant cockroaches
  5 goblins
  4 hobgoblins
  2 jackals (D:5)
  3 quokkas
  A ball python zombie (D:3)
  7 bats
  4 frilled lizards
  6 kobolds
  6 rats
112 creatures vanquished.

Vanquished Creatures (others)
  A plant (D:4)
1 creature vanquished.

Grand Total: 113 creatures vanquished

Notes
Turn   | Place    | Note
-------+----------+-------------------------------------------
     0 | D:1      | zepal the Deep Elf Earth Elementalist began the quest for
                  | the Orb.
     0 | D:1      | Reached XP level 1. HP: 10/10 MP: 6/6
   216 | D:1      | Reached XP level 2. HP: 12/15 MP: 8/8
   264 | D:1      | Found Votahur's Magic Scroll Boutique.
  1384 | D:2      | Learned a level 1 spell: Summon Small Mammal
  1483 | D:2      | Reached XP level 3. HP: 19/19 MP: 7/9
  2490 | D:2      | Learned a level 3 spell: Stone Arrow
  2527 | D:3      | Found an iron altar of Okawaru.
  2936 | D:3      | Found a faded altar of an unknown god.
  3034 | D:3      | Reached XP level 4. HP: 24/24 MP: 11/11
  3173 | D:3      | Reached skill level 4 in Spellcasting
  3428 | D:3      | Found a runed translucent gate.
  3428 | D:3      | Found a runed translucent gate.
  3428 | D:3      | Found a runed translucent gate.
  3428 | D:3      | Noticed pdpol's ghost (weakling PaWz)
  3430 | D:3      | Found a basalt altar of Yredelemnul.
  3554 | D:3      | Reached skill level 1 in Conjurations
  3840 | D:4      | Noticed a scorpion
  3844 | D:4      | Killed a scorpion
  3845 | D:4      | Reached skill level 1 in Summonings
  3845 | D:4      | Reached skill level 5 in Earth Magic
  3845 | D:4      | Reached XP level 5. HP: 28/28 MP: 6/13
  3900 | D:4      | Learned a level 2 spell: Blink
  3904 | D:4      | Learned a level 3 spell: Call Canine Familiar
  3908 | D:4      | Noticed a black bear
  3911 | D:4      | Killed a black bear
  3912 | D:4      | Reached skill level 5 in Spellcasting
  4246 | D:4      | Found a shimmering blue altar of Sif Muna.
  4288 | D:4      | Found a stormy altar of Qazlal.
  4360 | D:4      | Reached XP level 6. HP: 27/32 MP: 13/15
  4409 | D:4      | Found a hazy altar of Hepliaklqana.
  5066 | D:4      | Reached skill level 6 in Spellcasting
  5300 | D:5      | Entered Level 5 of the Dungeon
  5309 | D:5      | Learned a level 5 spell: Fireball
  5316 | D:5      | Reached XP level 7. HP: 36/36 MP: 11/18
  5336 | D:5      | Reached skill level 1 in Fire Magic
  5707 | D:5      | Noticed Pikel
  6533 | D:5      | Reached skill level 7 in Spellcasting
  6649 | D:5      | Killed Pikel
  6650 | D:5      | Reached skill level 8 in Spellcasting
  6650 | D:5      | Reached skill level 5 in Conjurations
  6650 | D:5      | Reached XP level 8. HP: 33/41 MP: 4/22
  7953 | D:6      | Reached skill level 5 in Fire Magic
  8085 | D:6      | Found a staircase to the Ecumenical Temple.
  8141 | Temple   | Entered the Ecumenical Temple
  8399 | D:6      | Noticed Cheops's ghost (novice TrHu)
  8448 | D:6      | Found a transporter.
  8500 | D:6      | Noticed Dowan
  8510 | D:6      | Killed Dowan
  8686 | D:6      | Found a transporter.
  8691 | D:6      | Reached skill level 9 in Spellcasting
  8801 | D:6      | Noticed Duvessa
  8841 | D:6      | Mangled by Duvessa

Illustrated notes

Levels and vault maps discovered:
D:1:      ncdulo_lavacross, layout_loops_corners, serial_shops,
          nicolae_shop_advertising_works [nicolae_subvault_shop_adworks]
D:2:      layout_basic, serial_co_window_serial, co_window_paths_b,
          co_window_corner_a, co_window_of_opportunity_a,
          co_window_of_opportunity_a, co_window_of_opportunity_a,
          co_window_of_opportunity_b, co_window_corner_b,
          co_window_unsneaky_path_b, co_window_broadway_a,
          co_window_unsneaky_path_e, co_window_2corner, co_window_4corner_a,
          glass_columns_b, glass_columns_a
D:3:      layout_loops_ring, nicolae_yredelemnul_ghost_church,
          okawaru_ov_weapons_minmay, shapermc_ecumenical_altar_flowoftime,
          minmay_misc_feat_cross, nicolae_elevator_lobby_asterisk
D:4:      layout_loops_cross, kennysheep_mini, nicolae_qazlal_general_emergency,
          marbit_many_paths, serial_bayou, serial_bayou_ford_a,
          serial_bayou_pond_a, serial_bayou_crossing, serial_park_tiny_1,
          minmay_misc_feat_roman, minmay_surrounded
D:5:      layout_basic, uniq_pikel
D:6:      layout_rooms, minmay_temple_entry_sparse_star,
          gammafunk_ghost_stat_death, serial_corexii_hall,
          chequers_hall_statues_y, corexii_hall_statues_u,
          chequers_serial_rivers_small_3, hangedman_glass_teeth,
          nicolae_elevator_lobby_plus, uniq_duvessa
Temple:   nicolae_temple_figure_eight

Skill      XL: |  1  2  3  4  5  6  7  8 |
---------------+-------------------------+-----
Earth Magic    | 4 5 |  5.0
Spellcasting   | 4 5 6 8 9 |  9.0
Conjurations   | 1 2 3 5 6 |  6.7
Summonings     | 1 2 3 4 |  4.0
Fire Magic     | 4 5 |  5.3
Dodging        | |  2.4
Stealth        | |  2.4
Transmutations | |  1.3

Action                   |  1- 3 |  4- 6 |  7- 9 || total
-------------------------+-------+-------+-------++-------
Melee: Short sword       |    11 |       |       ||    11
       Hand axe          |    11 |    25 |     3 ||    39
       Punch             |     1 |     1 |       ||     2
       Whip              |       |       |    14 ||    14
 Cast: Sandblast         |    53 |    22 |    11 ||    86
       Stone Arrow       |    11 |    19 |    57 ||    87
       Call Canine Famil |       |     1 |       ||     1
  Use: Potion            |       |       |     2 ||     2
 Stab: Sleeping          |     1 |     1 |     1 ||     3
Armor: Robe              |     2 |     9 |     7 ||    18
Dodge: Dodged            |    29 |    16 |    24 ||    69
